 Dungeon Crawl Stone Soup version 0.22.1-6-g1668fe2 (webtiles) character file.

165 GORGAWROTH the Poker (level 5, -1/36 HPs)
             Began as a Human Wanderer on Jan 24, 2019.
             Was an Initiate of Nemelex Xobeh.
             Slain by Grinder (6 damage)
             ... on level 3 of the Dungeon on Jan 25, 2019.
             The game lasted 01:12:16 (3370 turns).

GORGAWROTH the Poker (Human Wanderer)               Turns: 3370, Time: 01:12:17

Health: -1/36      AC:  9    Str: 14    XL:     5   Next: 74%
Magic:  8/8        EV:  7    Int: 13    God:    Nemelex Xobeh [......]
Gold:   100        SH:  4    Dex: 11    Spells: 8/8 levels left

rFire    + . .     SeeInvis .   a - +2 spear
rCold    + . .     Gourm    .   (no shield)
rNeg     . . .     Faith    .   v - +0 chain mail
rPois    +         Spirit   .   C - +0 helmet
rElec    +         Reflect  +   (no cloak)
rCorr    +         Harm     .   (no gloves)
MR       .....                  (no boots)
Stlth    ..........             w - +4 amulet of reflection
HPRegen  0.12/turn              (no ring)
MPRegen  0.11/turn              (no ring)

@: resistant (expiring)
A: no striking features
a: Renounce Religion


You were on level 3 of the Dungeon.
You worshipped Nemelex Xobeh.
Nemelex Xobeh was noncommittal.
You were not hungry.

You visited 1 branch of the dungeon, and saw 3 of its levels.

You collected 100 gold pieces.

Inventory:

Hand Weapons
 a - a +2 spear (weapon)
 g - a +0 club
 h - a +0 club
 i - a +0 short sword
 k - a +0 dagger
 l - a +0 dagger
 m - a +0 club
 p - a +0 short sword
 r - a +0 dagger
 s - a +0 hunting sling
 y - a +0 whip
 B - a +0 club
 E - a +0 dagger of draining
 H - a cursed -3 club
 I - a +0 mace
Missiles
 q - 50 stones (quivered)
 z - 8 bolts
 A - 41 arrows
 F - 8 javelins of penetration
Armour
 d - a +0 robe
 j - a +0 ring mail
 n - a +0 ring mail
 t - a +0 scale mail
 v - a +0 chain mail (worn)
 x - a +0 leather armour
 C - a +0 helmet (worn)
Jewellery
 w - a +4 amulet of reflection (around neck)
 D - a cursed -5 ring of strength
Scrolls
 b - 2 scrolls of teleportation
 e - a scroll of identify
 u - a scroll of blinking {unknown}
 K - a scroll of fog {unknown}
Potions
 o - a potion of curing
Miscellaneous
 G - a plain deck of destruction
Comestibles
 f - 4 rations
 J - 3 chunks of flesh


   Skills:
 + Level 0.6 Fighting
 + Level 0.3 Maces & Flails
 + Level 4.7 Polearms
 + Level 0.1 Slings
 + Level 2.2 Armour
 + Level 2.5 Dodging
 + Level 1.1 Stealth
 + Level 2.2 Spellcasting
   Level 1.0 Transmutations
   Level 1.0 Evocations


You had 8 spell levels left.
You didn't know any spells.
Your spell library was empty.

Dungeon Overview and Level Annotations

Branches:
Dungeon (3/15)

Altars:
Nemelex Xobeh

Annotations:
D:3 Grinder


Message History

Grinder is heavily wounded.
You feel less wooden.
Your +0 helmet unmelds from your body.
Your +0 chain mail unmelds from your body.
Grinder hits you.
* * * LOW HITPOINT WARNING * * *
You writhe in agony.
* * * LOW HITPOINT WARNING * * *
The adder bites you.
* * * LOW HITPOINT WARNING * * *
You hit Grinder.
Grinder is severely wounded.
Grinder gestures at you. You resist with significant effort.
The adder bites you but does no damage.
You hit Grinder.
Grinder is severely wounded.
You start to feel less resistant.
Grinder hits you.
You die...
Your body disappears without a glow.

.................#
#############....#
#....# #....# #....# #
#..#.# # #..#.# #######
#..#5# #
......#######..#@#.####.
...............#.S......
.####.########.#.#....?.
.####.# #......#.#######
.#....# #.#....#.#
.#.#### #.#.##.#.# .#.#
#......#.##.## .#.#
#...##........
.#.######...##.#.##.##


You could see Grinder and an adder.

Vanquished Creatures
  Ijyb (D:3)
  Natasha (D:3)
  A worker ant (D:2)
  3 adders
  2 oozes (D:2)
  2 worms
  A dart slug (D:1)
  A leopard gecko (D:1)
  5 goblins
  5 hobgoblins
  9 jackals
  A quokka (D:2)
  4 bats
  4 frilled lizards
  2 kobolds
  7 rats
49 creatures vanquished.

Notes
Turn   | Place    | Note
-------+----------+-------------------------------------------
     0 | D:1      | GORGAWROTH the Human Wanderer began the quest for the Orb.
     0 | D:1      | GORGAWROTH set off with: a +2 spear, a scroll of
                  | teleportation, a potion of lignification, a +0 robe, a
                  | ration
     0 | D:1      | Reached XP level 1. HP: 13/13 MP: 3/3
   565 | D:1      | Reached XP level 2. HP: 12/19 MP: 5/5
  1424 | D:2      | Reached XP level 3. HP: 22/24 MP: 6/6
  1666 | D:2      | Reached skill level 4 in Polearms
  2013 | D:2      | Reached XP level 4. HP: 28/30 MP: 7/7
  2116 | D:2      | Reached skill level 1 in Armour
  2533 | D:3      | Noticed Ijyb
  2610 | D:3      | Killed Ijyb
  2610 | D:3      | Reached XP level 5. HP: 32/36 MP: 8/8
  2793 | D:3      | Found a sparkling altar of Nemelex Xobeh.
  2802 | D:3      | Became a worshipper of Nemelex Xobeh the Trickster
  2816 | D:3      | Received a gift from Nemelex Xobeh
  3119 | D:3      | Noticed Natasha
  3149 | D:3      | Killed Natasha
  3325 | D:3      | Noticed Grinder
  3329 | D:3      | Paralysed by Grinder for 4 turns
  3347 | D:3      | HP: 1/54 [Grinder (6)]
  3370 | D:3      | Slain by Grinder

Skill      XL: |  1  2  3  4  5 |
---------------+----------------+-----
Polearms       | 4 |  4.7
Armour         | 1 2 |  2.2
Fighting       | |  0.6
Maces & Flails | |  0.3
Slings         | |  0.1
Dodging        | |  2.5
Stealth        | |  1.1
Spellcasting   | |  2.2
Transmutations | |  1.0
Evocations     | |  1.0

Action                   |  1- 3 |  4- 6 || total
-------------------------+-------+-------++-------
Melee: Spear             |    96 |   166 ||   262
       Club              |    13 |       ||    13
 Fire: Hunting sling     |       |     5 ||     5
  Use: Potion            |     3 |     7 ||    10
       Scroll            |     3 |     1 ||     4
  Eat: Chunk             |     2 |     1 ||     3
       Ration            |     1 |     1 ||     2
Armor: Ring mail         |    27 |       ||    27
       Robe              |     1 |       ||     1
       Chain mail        |     3 |    77 ||    80
       Skin              |       |    29 ||    29
Dodge: Dodged            |    76 |    39 ||   115
Block: Other             |     1 |    17 ||    18
